 Dungeon Crawl Stone Soup version 0.31-a0-544-gceb718ecc6 (webtiles) character file.

Game seed: 15113026818580721502

569 mopl the Slasher (level 7, -6/55 HPs)
             Began as a Merfolk Fighter on Aug 15, 2023.
             Mangled by a shadow (17 damage)
             ... on level 5 of the Dungeon.
             The game lasted 00:03:44 (2748 turns).

mopl the Slasher (Merfolk Fighter)                  Turns: 2748, Time: 00:03:45

Health: -6/55      AC:  9    Str: 18    XL:     7   Next: 33%
Magic:  7/7        EV: 10    Int:  7    God:
Gold:   331        SH:  5    Dex: 14    Spells: 6/6 levels left

rFire   . . .        a - +0 long sword
rCold   . . .        c - +0 buckler
rNeg    . . .        b - +0 scale mail
rPois   +            f - +0 helmet
rElec   .            (no cloak)
rCorr   .            p - +0 pair of gloves
SInv    .            (no boots)
Will    .....        (no amulet) Stlth
                     o - ring of poison resistance
HPRegen 0.29/turn    (no ring)
MPRegen 0.10/turn

%: no passive effects
@: mighty
A: (nimble swimmer 2), mertail
a: no special abilities


You were on level 5 of the Dungeon.
You visited 1 branch of the dungeon, and saw 5 of its levels.

You collected 331 gold pieces.

Inventory:

Hand Weapons
 a - a +0 long sword (weapon)
 n - the +10 trident of the Dead {heavy, Contam rC- rN++ Dex+8}
   (You found it on level 3 of the Dungeon)

   Dex+8:     It affects your dexterity (+8).
   rC-:       It makes you vulnerable to cold.
   rN++:      It greatly protects you from negative energy.
   Contam:    It causes magical contamination when unequipped.
Missiles
 g - 3 poisoned darts
 h - 10 boomerangs
Armour
 b - a +0 scale mail (worn)
 c - a +0 buckler (worn)
 f - a +0 helmet (worn)
 p - a +0 pair of gloves (worn)
Jewellery
 o - a ring of poison resistance (left hand)
Wands
 y - a wand of polymorph (9)
Scrolls
 e - a scroll of fog {unknown}
 i - 8 scrolls of identify {unknown}
 j - a scroll of fear {unknown}
 k - a scroll of immolation {unknown}
 m - a scroll of vulnerability {unknown}
 q - 3 scrolls of enchant armour {unknown}
 r - 2 scrolls of teleportation {unknown}
 s - a scroll of butterflies {unknown}
 t - a scroll of blinking {unknown}
Potions
 l - a potion of magic {unknown}
 u - 2 potions of curing {unknown}
 v - a potion of enlightenment {unknown}
 w - a potion of heal wounds {unknown}
 x - a potion of invisibility {unknown}
 z - a potion of mutation {unknown}
 A - a potion of attraction {unknown}


   Skills:
 + Level 4.7 Fighting
 * Level 5.8 Long Blades
 + Level 2.6 Throwing
 + Level 3.1 Armour
 + Level 3.6 Dodging
 - Level 3.0 Shields


You had 6 spell levels left.
You didn't know any spells.
Your spell library contained the following spells:

 Spells                   Type           Power      Damage    Failure   Level
 Ensorcelled Hibernation  Hex/Ice        0%         N/A       95%         2
 Passwall                 Tmut/Erth      0%         N/A       95%         2
 Swiftness                Air            0%         N/A       99%         3


Dungeon Overview and Level Annotations

Branches:
Dungeon (5/15)
 Temple: D:4-7

Altars:
Gozag

Shops:
D:1 (

Annotations:
D:2 1 runed translucent door, Crazy Yiuf


Innate Abilities, Weirdness & Mutations

((You are very nimble when in or above water. (Stealth+, EV+, Speed+++)))
Your lower body shifts to a powerful aquatic tail in water.


Message History

You hit the shadow but do no damage.
The shadow is moderately damaged.
The shadow hits you.
You closely miss the shadow.
The shadow is moderately damaged.
The shadow slips into darkness.
The shadow flickers and vanishes!
Deactivating autopickup; reactivate with Ctrl-A.
You miss something.
The shadow strikes at you from the darkness!
Reactivating autopickup.
The shadow hits you!
* * * LOW HITPOINT WARNING * * *
Okay, then.
You feel very mighty all of a sudden. You block the shadow's attack.
You closely miss the shadow.
The shadow is moderately damaged.
The shadow misses you.
You closely miss the shadow.
The shadow is moderately damaged.
The shadow misses you.
You barely miss the shadow.
The shadow is moderately damaged.
The shadow slips into darkness.
The shadow flickers and vanishes!
Deactivating autopickup; reactivate with Ctrl-A.
Unknown command.
You closely miss something.
The shadow strikes at you from the darkness!
* * * LOW HITPOINT WARNING * * *
Reactivating autopickup.
You slash the shadow!
The shadow is severely damaged.
The shadow slips into darkness.
The shadow flickers and vanishes!
Deactivating autopickup; reactivate with Ctrl-A.
You miss something.
The shadow strikes at you from the darkness!
You die...

.#.####......#.........
.#.#.........#........
.....##......#.......
.#...........#......
.##..######.###....
.....#### #.# #..##
.#..†...###.# #...#
............## #{#.#
#######......###@#.###
#............[.#
#..............#
#...........####
######......# #......#
#......# ########


There were no monsters in sight!

Vanquished Creatures
  Sigmund (D:2)
  An orc priest (D:4)
  A hound (D:5)
  A sleepcap (D:5)
  An orc wizard (D:3)
  4 iguanas
  9 adders
  A shadow imp (D:3)
  2 worms (D:2)
  4 dart slugs
  11 orcs
  4 bats
  8 endoplasms
  4 giant cockroaches
  6 hobgoblins
  6 jackals
  2 quokkas
  7 ball pythons
  A frilled lizard (D:2)
  10 goblins
  11 kobolds
  4 rats
99 creatures vanquished.

Notes
Turn   | Place    | Note
-------+----------+-------------------------------------------
     0 | D:1      | mopl the Merfolk Fighter began the quest for the Orb.
     0 | D:1      | Reached XP level 1. HP: 18/18 MP: 1/1
   155 | D:1      | Reached XP level 2. HP: 24/24 MP: 2/2
   206 | D:1      | Reached skill level 3 in Long Blades
   206 | D:1      | Reached skill level 1 in Dodging
   249 | D:1      | Found Sul Gesch's Antique Weapon Boutique.
   348 | D:1      | Reached XP level 3. HP: 28/29 MP: 3/3
   589 | D:2      | Found a runed translucent door.
   590 | D:2      | Noticed Crazy Yiuf
   686 | D:2      | Noticed Sigmund
   704 | D:2      | Killed Sigmund
   705 | D:2      | Reached skill level 4 in Fighting
   705 | D:2      | Reached skill level 4 in Long Blades
   705 | D:2      | Reached skill level 1 in Throwing
   705 | D:2      | Reached skill level 2 in Dodging
   705 | D:2      | Reached XP level 4. HP: 22/37 MP: 4/4
   705 | D:2      | Reached XP level 5. HP: 25/42 MP: 5/5
   909 | D:2      | Reached XP level 6. HP: 43/48 MP: 6/6
  1393 | D:3      | Identified the +10 trident of the Dead {heavy, Contam rC-
                  | rN++ Dex+8}
  1593 | D:3      | Reached skill level 5 in Long Blades
  1749 | D:3      | Reached skill level 2 in Throwing
  1750 | D:3      | Reached skill level 3 in Dodging
  1918 | D:4      | Reached skill level 3 in Armour
  1975 | D:4      | Found an opulent altar of Gozag.
  2320 | D:4      | Reached XP level 7. HP: 47/55 MP: 7/7
  2390 | D:5      | Entered Level 5 of the Dungeon
  2726 | D:5      | Noticed a shadow
  2748 | D:5      | Mangled by a shadow

Illustrated notes

Levels and vault maps discovered:
D:1:      scummos_arrival_forest, layout_loops_cross, serial_shops,
          nicolae_shop_statue_plus, supply_closet_lemuel,
          minmay_misc_feat_diagonals, palyth_stone_intersect, item_on_display_a
D:2:      layout_basic, uniq_crazy_yiuf_cottage, uniq_sigmund
D:3:      layout_basic, kennysheep_generic_room_2
D:4:      layout_rooms, nicolae_gozag_cash_rules_everything_around_me
D:5:      layout_rooms

Skill      XL: |  1  2  3  4  5  6 |
---------------+-------------------+-----
Long Blades    | 3 4 5 |  5.8
Dodging        | 1 2 3 |  3.6
Fighting       | 4 |  4.7
Throwing       | 1 2 |  2.6
Armour         | 3 |  3.1
Shields        | |  3.0

Action                     |  1- 3 |  4- 6 |  7- 9 || total
---------------------------+-------+-------+-------++-------
  Melee: Long sword        |    86 |   169 |    66 ||   321
    Use: Potion            |       |       |     1 ||     1
 Armour: Scale mail        |    31 |    79 |    19 ||   129
  Dodge: Dodged            |    42 |    68 |    17 ||   127
  Block: Buckler           |    18 |    31 |    13 ||    62

Table legend: (Time is in decaauts)
 A = Elapsed time spent in this place.
 B = Non-inter-level travel time spent in this place.
 C = Inter-level travel time spent in this place.
 D = Time resting spent in this place.
 E = Time spent auto-exploring this place.
 F = Levels seen in this place.
 G = Mean time per level.
                   A        B        C        D        E       F      G
               +--------+--------+--------+--------+--------+-----+--------+
         Total |   2815 |   2728 |     87 |    287 |   1746 |   5 |  563.0 |
       Dungeon |   2815 |   2728 |     87 |    287 |   1746 |   5 |  563.0 |
               +--------+--------+--------+--------+--------+-----+--------+

Top non-repeatable levels by time:
     D:2: 852 daAuts
     D:3: 660 daAuts
     D:1: 571 daAuts
     D:5: 366 daAuts
     D:4: 365 daAuts
